 Dungeon Crawl Stone Soup version 0.31-a0-1321-g5021b54cb2 (console) character file.

Game seed: 7383526358671021024

1701516 Banquo the Smokeless Flame (level 27, 223/223 HPs)
             Began as a Djinni Air Elementalist on Dec 21, 2023.
             Was the Champion of Makhleb.
             Escaped with the Orb
             ... and 3 runes on Dec 30, 2023!
             The game lasted 08:29:02 (73160 turns).

Banquo the Smokeless Flame (DjAE)                  Turns: 73160, Time: 08:29:02

Health: 223/223    AC: 19    Str:  9    XL:     27
Gold:   5359       EV: 32    Int: 35    God:    Makhleb [******] SH: 33 Dex: 17

rFire   + + +        a - +3 staff {ele, rElec rF+ rC+ AC+3}
rCold   + + .        i - +8 tower shield of Charmed Surprise {Rampage Will++ MP-9 SInv}
rNeg    . . .        d - +3 troll leather armour
rPois   ∞            h - +2 helmet {SInv}
rElec   +            e - +1 cloak of Starlight {*Dazzle EV+4 Stlth--}
rCorr   .            g - +1 pair of gloves "Sutuecw" {Int+5}
SInv    +            (boots unavailable)
Will    ++++.        K - amulet of regeneration
Stlth   +            U - ring of Emon {Wiz rC++ Str+2 Int+2 Stlth+}
HPRegen 2.17/turn    V - ring of the Hare {EV+10}
MPRegen 0.00/turn

%: clarity, rampage, wizardry (x1)
@: flying, studying 5 skills
A: sickness immunity, fire resistance 2, cold vulnerability 1, float, innate
caster, HP casting, extra vitality 1, fangs 1, clarity, inability to drink after
injury 1
0: Orb of Zot
}: 3/15 runes: decaying, serpentine, silver
a: Renounce Religion, Minor Destruction, Lesser Servant of Makhleb, Major
Destruction, Greater Servant of Makhleb


You escaped.
You worshipped Makhleb.
Makhleb was exalted by your worship.
You visited 12 branches of the dungeon, and saw 52 of its levels.
You visited 1 bazaar.
You visited 1 ziggurat, and saw 15 of its levels.
You also visited: Gauntlet, Volcano and Wizlab.

You collected 9383 gold pieces.
You spent 4024 gold pieces at shops.

Inventory:

Hand Weapons
 a - the +3 Elemental Staff (weapon) {ele, rElec rF+ rC+ AC+3}
   (You acquired it on level 9 of the Dungeon)

   AC+3:      It affects your AC (+3).
   rF+:       It protects you from fire.
   rC+:       It protects you from cold.
   rElec:     It insulates you from electricity.
 b - the +8 spear "Kiroa" {speed, Will+}
   (You bought it in a shop on level 11 of the Dungeon)

   Will+:     It increases your willpower.
 j - the +10 flail "Anwipe" {antimagic, rCorr Int+3}
   (You found it on level 2 of a ziggurat)

   Int+3:     It affects your intelligence (+3).
   rCorr:     It protects you from acid and corrosion.
 M - the +8 trident of Due Proportion {freeze, Int+3}
   (You bought it in a shop on level 11 of the Dungeon)

   Int+3:     It affects your intelligence (+3).
Missiles
 y - 3 throwing nets
Armour
 d - a +3 troll leather armour (worn)
 e - the +1 cloak of Starlight (worn) {*Dazzle EV+4 Stlth--}
   (You bought it in a shop on level 1 of the Elven Halls)

   *Dazzle:   It may blind those who miss an attack against the wearer in melee
   combat.
   EV+4:      It affects your evasion (+4).
   Stlth--:   It makes you much less stealthy.
 g - the +1 pair of gloves "Sutuecw" (worn) {Int+5}
   (You found it on level 12 of a ziggurat)

   Int+5:     It affects your intelligence (+5).
 h - a +2 helmet of see invisible (worn)
 i - the +8 tower shield of Charmed Surprise (worn) {Rampage Will++ MP-9 SInv}
   (You found it in a Gauntlet)

   Will++:    It greatly increases your willpower.
   MP-9:      It affects your magic capacity (-9).
   SInv:      It lets you see invisible.
   Rampage:   It bestows one free step when moving towards enemies.
Jewellery
 I - a +6 ring of intelligence
 K - an amulet of regeneration (around neck)
 U - the ring of Emon (left hand) {Wiz rC++ Str+2 Int+2 Stlth+}
   (You took it off a deep elf master archer on level 3 of the Elven Halls)

   [ring of wizardry]

   Wiz:       It improves your spell success rate.
   Str+2:     It affects your strength (+2).
   Int+2:     It affects your intelligence (+2).
   rC++:      It greatly protects you from cold.
   Stlth+:    It makes you more stealthy.
 V - the ring of the Hare (right hand) {EV+10}
   (You found it on level 10 of a ziggurat)

   [ring of evasion]

   EV+10:     It affects your evasion (+10).
Wands
 x - a wand of mindburst (50)
 B - a wand of iceblast (90)
 D - a wand of digging (44)
 P - a wand of light (42)
Scrolls
 c - 2 scrolls of brand weapon
 f - 2 scrolls of butterflies
 k - 34 scrolls of teleportation
 m - 6 scrolls of revelation
 u - 4 scrolls of immolation
 v - 17 scrolls of fog
 A - 15 scrolls of fear
 C - a scroll of silence
 G - 8 scrolls of noise
 N - 4 scrolls of poison
 O - 5 scrolls of blinking
 R - a scroll of acquirement
Potions
 l - 6 potions of might
 n - 13 potions of heal wounds
 o - 15 potions of brilliance
 p - 9 potions of haste
 q - 3 potions of invisibility
 s - 6 potions of berserk rage
 t - 20 potions of curing
 E - 4 potions of ambrosia
 F - 12 potions of cancellation
 H - 14 potions of mutation
 J - a potion of attraction
 L - 4 potions of enlightenment
 T - 4 potions of resistance
Miscellaneous
 r - a phantom mirror
 w - a sack of spiders
 z - a lightning rod (4/4)


   Skills:
 * Level 25.8 Fighting
 - Level 4.6(5.3) Axes
 + Level 4.0(6.9) Polearms
 - Level 8.0(8.5) Staves
 - Level 12.0 Armour
 - Level 12.0 Dodging
 - Level 1.5 Stealth
 - Level 25.0 Shields
 - Level 24.4 Spellcasting
 - Level 24.4 Conjurations
 - Level 24.4 Hexes
 - Level 24.4 Summonings
 - Level 25.5 Necromancy
 - Level 24.4 Translocations
 O Level 27 Fire Magic
 - Level 24.4 Ice Magic
 - Level 24.4 Air Magic
 - Level 24.4 Earth Magic
 - Level 24.4 Alchemy
 - Level 18.0 Invocations


You knew the following spells:

 Your Spells              Type           Power      Damage    Failure   Level
a - Airstrike             Air            72%        2d(11-27) 0%          4
b - Inner Flame           Hex/Fire       100%       N/A       0%          3
c - Death Channel         Necr           61%        N/A       0%          6
d - Static Discharge      Conj/Air       100%       3-8/arc   0%          2
e - Apportation           Tloc           100%       N/A       0%          1
f - Cause Fear            Hex            60%        N/A       0%          4
g - Silence               Hex/Air        72%        N/A       0%          5
h - Summon Hydra          Summ           60%        N/A       1%          7
i - Shock                 Conj/Air       100%       1d9       0%          1
m - Monstrous Menagerie   Summ           60%        N/A       1%          7
o - Orb of Destruction    Conj           60%        9d15      1%          7
s - Simulacrum            Ice/Necr       72%        N/A       0%          6
z - Shatter               Erth           72%        3d53*     1%          9
B - Blink                 Tloc           100%       N/A       0%          2
D - Discord               Hex            60%        N/A       1%          8
F - Summon Forest         Summ/Tloc      60%        N/A       0%          5
M - Swiftness             Air            100%       N/A       0%          3
Your spell library was empty.

Dungeon Overview and Level Annotations

Branches:
Dungeon (15/15)            Temple (1/1) D:4            Lair (5/5) D:8
  Swamp (4/4) Lair:2        Snake (4/4) Lair:2        Slime (1/5) Lair:5
    Orc (2/2) D:11            Elf (3/3) Orc:2        Vaults (5/5) D:13
  Crypt (3/3) Vaults:3       Tomb (0/3) Crypt:3      Depths (4/4) D:15
    Zot (5/5) Depths:4    Volcano (visited)          WizLab (visited)
Gauntlet (visited)

Altars:
Ashenzari
Cheibriados
Dithmenos
Elyvilon
Fedhas
Gozag
Hepliaklqana
Makhleb
Nemelex Xobeh
Okawaru
Qazlal
Ru
Trog
Uskayaw
Wu Jian
Xom
Yredelemnul
Zin
The Shining One

Shops:
D:4 [   D:11 (   D:14 *   Orc:2 =[([   Elf:1 ((!*   Snake:4 =((*   Depths:1 *:

Portals:
Hell: Depths:1 Depths:2 Depths:3 Depths:4
Abyss: Depths:1 Depths:3
Pandemonium: Depths:1 Depths:2 Depths:4

Annotations:
Elf:2 5 runed translucent doors
Zot:1 1 runed translucent door


Innate Abilities, Weirdness & Mutations

You are immune to sickness and miasma.
You are immune to poison.
Your flesh is very heat resistant. (rF++)
You are vulnerable to cold. (rC-)
You float through the air rather than walking.
You learn spells naturally, not from books.
Your magical power is your life essence.
You have superior vitality. (+4 MHP)
You have very sharp teeth.
You possess an exceptional clarity of mind.
You occasionally lose the ability to drink potions when taking damage.


Message History

You block Newiot's attack. Newiot hits you!
Casting: Shatter (dangerous; 1% risk of failure)
Confirm with . or Enter, or press ? or * to list all spells.
You feel a surge of power!
The dungeon rumbles!
You kill Newiot!
Makhleb accepts your kill.
You feel better.
Ka-crash!
Your base Polearms skill increases to level 4!
(D) Dungeon (T) Temple (L) Lair (S) Swamp (P) Snake Pit (M) Slime Pits (O) Orcish Mines (E) Elven Halls (V) Vaults (C) Crypt (W) Tomb (U) Depths (H) Hell (Z) Zot
Where to? (* - list waypoints, Tab/Enter - D:1 @ (x,y), ? - help)
Your surroundings seem slightly different.
(D) Dungeon (T) Temple (L) Lair (S) Swamp (P) Snake Pit (M) Slime Pits (O) Orcish Mines (E) Elven Halls (V) Vaults (C) Crypt (W) Tomb (U) Depths (H) Hell (Z) Zot
Where to? (* - list waypoints, Tab/Enter - D:1 @ (x,y), ? - help) Jairuj comes into view.
As you read the scroll of teleportation, it crumbles to dust.
You feel strangely unstable.
You feel the Orb delaying your translocation!
A smoke demon comes into view.
Really fly into that teleport trap?
You enter a teleport trap!
The teleport trap disappears.
Your surroundings suddenly seem different.
Your surroundings suddenly seem different.
Casting: Shatter (dangerous; 1% risk of failure)
Confirm with . or Enter, or press ? or * to list all spells.
You feel a surge of power!
The dungeon rumbles!
Ka-crash!
There is a staircase leading out of the dungeon here.
You start resting.
HP restored.
Enter note: Woot!
Unknown command.
You have escaped!

#...#....####...).........#.##
##.#.#.#..####.##.......#.###.###
...........#.............## ##...
###.......>#.###........#.###.###
# #...#......###.....#..##.#.## #
# #........#...##################
###..#.#.......## #∩.##∩∩##..##.
...........##...####.............
#....#.........#@................
#.##.###.###....#........).......
#.##.# ##...##...............
#.##.# ##..####.............
#.##)# ..#. ###∩∩∩.#.###.. ..##.#
##.#. #####...∩#... ####.# #.##.
#...###.∩.... # #.# #.#
#...#........ #.#
#.######...###.##...


There were no monsters in sight!

Vanquished Creatures
  A pandemonium lord (D:1)
  6 dread liches
  6 orbs of fire (Zot:5)
  3 ancient liches (Zot:5)
  Mara (Swamp:3)
  A juggernaut (Depths:4)
  The ghost of Phlounder the Executioner, a veteran DrBe of Trog (Zot:1)
  Josephina (Crypt:3)
  Bai Suzhen (Vaults:3)
  2 Killer Klowns (Zot:5)
  The ghost of DoNotCum the Archmage, a veteran DECj of Vehumet (Depths:4)
  3 curse toes
  11 golden dragons
  A Tzitzimitl (Zot:5)
  6 electric golems
  2 bone dragons (Crypt:3)
  9 tentacled monstrosities
  27 Orb Guardians
  3 liches
  4 sphinxes
  8 quicksilver dragons
  A deep elf blademaster (Elf:3)
  7 ancient champions
  12 death cobs
  Kirke (Swamp:3)
  An Executioner (D:1)
  A thorn hunter (Swamp:2)
  Roxanne (Swamp:1)
  5 shadow dragons
  11 storm dragons
  2 nagarajas (Snake:4)
  5 protean progenitors
  Donald (Vaults:3)
  3 revenants
  A fenstrider witch (Swamp:4)
  4 draconian knights
  4 fire giants
  7 draconian shifters
  4 frost giants
  3 balrugs
  5 draconian monks
  2 iron dragons (Zot:2)
  6 draconian scorchers
  6 ghouls
  4 ghost moths
  3 vault wardens
  5 curse skulls
  3 draconian stormcallers
  A caustic shrike skeleton (Crypt:3)
  5 ironbound preservers
  2 deep elf elementalists (Elf:3)
  An orc warlord (Vaults:3)
  A quicksilver ooze (Slime:1)
  A formless jellyfish (Vaults:2)
  3 stone giants
  A war gargoyle (Vaults:2)
  16 green draconians
  7 vampire knights
  7 draconian annihilators
  A juggernaut skeleton (Crypt:1)
  6 red draconians
  2 deep elf demonologists (Elf:3)
  An eleionoma (Swamp:2)
  3 ironbound thunderhulks
  A lorocyproca (Zig:9)
  6 black draconians
  10 white draconians
  4 deep elf annihilators
  4 deep elf death magi
  A bennu (Zig:15)
  2 spark wasps
  8 yellow draconians
  3 bunyips
  A minotaur (Gauntlet)
  2 eidola
  The ghost of boo the Fighter, a journeyman DrSh of Makhleb (Lair:4)
  4 blizzard demons
  7 purple draconians
  3 ettins
  A dire elephant (Vaults:4)
  5 fire dragons
  10 jiangshi
  The ghost of Haduh the Mimic, a journeyman FeSh of Gozag (D:13)
  A merfolk javelineer (Depths:2)
  3 nameless horrors
  3 mummy priests
  2 crystal guardians
  5 great orbs of eyes
  6 yaktaur captains
  20 vault guards
  Harold (D:9)
  A peacekeeper (Vaults:2)
  2 deep elf high priests (Elf:3)
  13 hydras
  A caustic shrike simulacrum (Depths:4)
  5 ice dragons
  A salamander tyrant (Snake:3)
  A spriggan air mage (Depths:3)
  6 centaur warriors
  A catoblepas (D:15)
  4 spriggan skeletons (Crypt:3)
  3 rakshasas (Depths:1)
  A juggernaut simulacrum (Depths:4)
  4 ogre magi
  2 ghost crabs
  5 ironbound frosthearts
  2 jorogumos (Zot:2)
  4 death knights
  12 two-headed ogres
  An alligator (Swamp:4)
  7 anacondas
  8 dancing weapons
  2 boulder beetles
  2 deep troll earth magi
  2 deep troll shamans (Depths:4)
  A stoker (Zig:6)
  2 naga warriors (Snake:1)
  A sphinx skeleton (Crypt:1)
  6 vampire magi
  4 death yaks (Lair:4)
  3 tengu warriors
  An occultist (Depths:1)
  A spriggan berserker (Swamp:2)
  4 naga sharpshooters
  6 shock serpents
  An orc high priest (Zig:14)
  6 deep elf knights
  2 hell knights
  2 iron trolls (Depths:4)
  3 shadow wraiths
  2 soul eaters
  A sea snake (Zot:4)
  3 titan skeletons
  A wretched star (Zig:9)
  2 goliath frogs (Swamp:1)
  2 skysharks
  2 storm dragon skeletons
  5 flayed ghosts
  A salamander mystic (Snake:3)
  7 deep trolls
  A naga ritualist (Snake:4)
  An anaconda zombie (Crypt:2)
  51 skeletal warriors
  2 glowing orange brains
  A spriggan rider (Swamp:3)
  4 swamp dragons
  4 arcanists
  2 bog bodies
  A ghost moth zombie (Crypt:3)
  4 spriggan druids
  A glowing orange brain (shapeshifter) (Vaults:5)
  6 deep elf archers
  An obsidian statue (Zot:5)
  An orange crystal statue (Zot:3)
  3 necromancers
  A spriggan simulacrum (Crypt:3)
  3 lindwurms
  10 ironbound convokers
  10 phantasmal warriors
  2 orc knights
  An iron giant skeleton (Crypt:3)
  2 harpies (Vaults:1)
  A shining eye (Slime:1)
  2 oklob plants
  7 deep elf pyromancers
  10 deep elf zephyrmancers
  6 ugly things
  An orc sorcerer (Zig:5)
  7 cyclopes
  6 mana vipers
  2 shadow dragon skeletons (Crypt:3)
  30 moths of wrath
  A manticore (Lair:4)
  4 will-o-the-wisps
  A goliath frog skeleton (Crypt:3)
  A moth of wrath (shapeshifter) (Vaults:5)
  2 elephants (Lair:4)
  A frost giant skeleton (Crypt:3)
  An iron dragon skeleton (Crypt:2)
  Joseph (D:7)
  4 salamanders
  2 stone giant skeletons
  7 naga magi
  2 guardian serpents (Snake:4)
  9 vault sentinels
  20 black mambas
  2 kobold blastminers
  A guardian serpent (shapeshifter) (Vaults:5)
  4 molten gargoyles
  A storm dragon simulacrum (Depths:4)
  A large abomination (D:1)
  4 gargoyles (D:12)
  2 green draconian zombies
  8 cane toads
  An unseen horror (shapeshifter) (D:13)
  An unseen horror (D:12)
  A bunyip simulacrum (Crypt:3)
  A catoblepas zombie (Crypt:1)
  3 kobold demonologists
  A yaktaur zombie (Vaults:3)
  3 ice devils (Depths:4)
  9 komodo dragons
  12 yaktaurs
  4 freezing wraiths
  15 rime drakes
  A pale draconian skeleton (Crypt:1)
  7 guardian mummies
  3 tormentors
  A mana viper zombie (Crypt:1)
  A polar bear (Lair:5)
  2 meliai (D:12)
  4 trolls
  A queen bee (D:12)
  2 harpy skeletons (Crypt:3)
  A hydra skeleton (Crypt:3)
  2 shadow dragon simulacra
  10 blink frogs
  7 tyrant leeches
  A tarantella zombie (Crypt:1)
  A raiju (shapeshifter) (D:15)
  A fire dragon zombie (Crypt:2)
  3 hornets
  A satyr zombie (Crypt:1)
  An iron dragon simulacrum (Depths:4)
  A culicivora (shapeshifter) (D:13)
  7 slime creatures
  5 wraiths
  17 flying skulls
  5 shadows
  3 air elementals
  A fire dragon skeleton (Crypt:3)
  2 vampires
  An ettin skeleton (Crypt:3)
  A centaur simulacrum (D:14)
  An ushabti (Zig:15)
  16 wyverns
  A naga simulacrum (Crypt:2)
  2 hogs (Swamp:3)
  7 water elementals
  10 basilisks
  4 fire bats (Volcano)
  A neqoxec (D:13)
  2 wargs (Orc:1)
  17 yaks
  A fire elemental (Elf:1)
  A spatial vortex (Zig:9)
  A chaos spawn (D:15)
  9 vampire mosquitoes
  2 spectral cane toads (Lair:2)
  4 steam dragons
  A skyshark zombie (Crypt:3)
  9 swamp worms
  An acid dragon (D:13)
  A fire bat zombie (Crypt:3)
  2 harpy simulacra (Crypt:3)
  12 nagas
  24 water moccasins
  3 hell hounds (Lair:5)
  A cane toad skeleton (Crypt:1)
  4 naga skeletons
  A spectral blink frog (Lair:2)
  2 black bears
  A hornet zombie (D:7)
  7 orc warriors
  An ice beast (D:6)
  A swamp drake (Swamp:2)
  2 sky beasts
  4 boggarts
  6 wolves
  5 ogres
  6 centaurs
  A phantom (D:7)
  A rime drake zombie (Crypt:1)
  10 bullfrogs
  A vine stalker zombie (Crypt:3)
  2 kobold brigands (D:7)
  A glowing shapeshifter simulacrum (Depths:4)
  A wyvern zombie (D:7)
  2 earth elementals (Elf:2)
  3 scorpions
  4 wights (D:8)
  24 killer bees
  A swamp dragon simulacrum (Crypt:1)
  An oklob sapling (D:9)
  A troll zombie (Crypt:2)
  7 electric eels
  A vampire bat (D:10)
  2 troll skeletons
  7 howler monkeys
  13 lava snakes
  4 centaur zombies
  A quasit (D:1)
  2 jellies
  10 orc priests
  2 gnoll boudas
  4 hounds
  6 iguanas
  Terence (D:3)
  A sleepcap (D:7)
  10 hell rats
  23 orc wizards
  A killer bee zombie (D:7)
  An ice beast zombie (Crypt:3)
  A hound zombie (Crypt:2)
  2 mummies (Zig:15)
  2 howler monkey zombies (D:7)
  16 adders
  12 gnolls
  A steam dragon skeleton (Crypt:1)
  2 shadow imps
  2 white imps
  An iguana skeleton (Crypt:2)
  4 worms
  2 dart slugs
  77 orcs
  7 bats
  12 endoplasms
  A giant cockroach (D:2)
  6 goblins
  8 hobgoblins
  3 jackals (D:3)
  4 quokkas
  10 ball pythons
  5 frilled lizards
  A frilled lizard zombie (Crypt:2)
  8 kobolds
  A kobold skeleton (Crypt:3)
  2 rats
  7 aspiring fleshes
1464 creatures vanquished.

Vanquished Creatures (collateral kills)
  2 dread liches (Vaults:5)
  2 ancient liches
  Mennas (Depths:3)
  7 juggernauts
  5 royal mummies
  A caustic shrike (Depths:2)
  5 golden dragons
  2 iron giants (Zig:12)
  Jorgrun (Swamp:1)
  A Hell Sentinel (Zig:13)
  A hellephant (Zig:6)
  2 tentacled monstrosities
  Asterion (Elf:1)
  Mlioglotl (Swamp:1)
  3 liches
  3 quicksilver dragons
  A walking divine tome (Depths:2)
  6 titans
  7 sphinxes
  2 deep elf blademasters (Elf:3)
  3 deep elf master archers (Elf:3)
  5 acid blobs
  A death cob (Zot:2)
  3 storm dragons (Vaults:5)
  9 nagarajas
  A fenstrider witch (Zig:3)
  A draconian knight (Zig:5)
  An iron dragon (Depths:2)
  4 shadow dragons
  2 protean progenitors (Zig:10)
  A draconian monk (Zot:1)
  2 azure jellies
  9 vault wardens
  A ghost moth (Zig:7)
  4 fire giants
  6 frost giants
  2 deep elf elementalists (Elf:3)
  Louise (Depths:3)
  2 balrugs (Zig:6)
  An orc warlord (Zig:14)
  17 stone giants
  19 very ugly things
  2 ghouls (Crypt:2)
  A juggernaut zombie (Zig:15)
  A formless jellyfish (Vaults:4)
  16 ironbound preservers
  3 spriggan defenders (Depths:2)
  A draconian annihilator (Zot:3)
  A vampire knight (Depths:3)
  2 war gargoyles
  7 ironbound thunderhulks
  2 green draconians
  3 bennus
  4 deep elf death magi
  7 deep elf annihilators
  5 deep elf demonologists
  2 black draconians
  2 purple draconians (Depths:4)
  A bunyip (Swamp:4)
  3 spark wasps
  7 dire elephants
  8 eleionomae
  A yellow draconian (Zot:2)
  2 red draconians
  The ghost of Sonofthefire the Mimic, a journeyman OpSh of Okawaru (Lair:2)
  A starcursed mass (Zig:9)
  A bunyip (shapeshifter) (Vaults:5)
  10 ettins
  A crystal guardian (Vaults:4)
  3 entropy weavers
  4 mummy priests
  An iron golem (Zig:13)
  9 yaktaur captains
  3 deep elf high priests
  3 fire dragons
  4 great orbs of eyes
  6 ice dragons
  A peacekeeper (Vaults:4)
  14 vault guards
  2 rakshasas
  7 alligators
  7 hydras
  6 salamander tyrants
  3 ogre magi
  A sphinx zombie (WizLab)
  13 centaur warriors
  4 ironbound frosthearts
  A dancing weapon (Elf:1)
  A spriggan air mage (Depths:2)
  9 anacondas
  18 naga warriors
  A two-headed ogre (shapeshifter) (D:13)
  10 two-headed ogres
  4 boulder beetles
  A death scarab (Zig:15)
  10 deep troll shamans
  4 deep troll earth magi
  8 tengu warriors
  2 demonic crawlers (Zig:7)
  A thrashing horror (Zig:9)
  6 naga sharpshooters
  5 hell knights
  5 orc high priests (Zig:14)
  6 spriggan berserkers
  A storm dragon zombie (WizLab)
  5 shock serpents
  5 deep elf knights
  A sixfirhy (Depths:4)
  3 spatial maelstroms (Zig:9)
  67 deep trolls
  4 salamander mystics
  Lodul (D:13)
  2 golden dragon zombies
  2 goliath frogs
  8 iron trolls
  A spriggan rider (Swamp:4)
  An orb spider (Zig:7)
  2 spriggan druids
  2 tengu zombies
  A deep troll (shapeshifter) (Zig:10)
  4 glowing orange brains
  An arcanist (Vaults:1)
  7 naga ritualists
  6 deep elf archers
  A glowing orange brain (shapeshifter) (Vaults:5)
  A harpy (Vaults:1)
  A spark wasp zombie (WizLab)
  A swamp dragon (shapeshifter) (Vaults:5)
  6 swamp dragons (Swamp:4)
  An obsidian statue (Gauntlet)
  9 ironbound convokers
  10 deep elf zephyrmancers
  A steelbarb worm (Zig:7)
  5 lindwurms
  2 phantasmal warriors
  6 orc knights
  A harpy (shapeshifter) (D:13)
  4 mana vipers
  11 deep elf pyromancers
  3 shining eyes
  A mana viper (shapeshifter) (Vaults:5)
  15 ugly things
  3 large abominations (Zig:9)
  3 manticores (shapeshifter)
  An iron dragon zombie (WizLab)
  A fire giant zombie (WizLab)
  2 orc sorcerers (Zig:14)
  7 moths of wrath
  6 will-o-the-wisps
  6 cyclopes
  14 salamanders
  2 water nymphs (shapeshifter)
  A worldbinder (Zig:9)
  2 elephants (Lair:4)
  The ghost of croobank the Chopper, a novice HOMo (D:5)
  5 guardian serpents
  A stone giant skeleton (Vaults:3)
  3 kobold blastminers
  8 vault sentinels
  23 black mambas
  13 naga magi
  2 gargoyles (D:12)
  A hellion (Zig:6)
  A cane toad (Lair:5)
  A torpor snail (Zig:7)
  A rime drake (shapeshifter) (D:13)
  An elf skeleton (Vaults:3)
  Jeremiah (D:6)
  16 yaktaurs
  3 rime drakes
  2 efreet
  A freezing wraith (Vaults:3)
  A tengu conjurer (Depths:2)
  2 komodo dragons
  A tormentor (Zig:6)
  8 guardian mummies
  13 trolls
  A meliai (D:12)
  A bloated husk (Swamp:2)
  A tengu simulacrum (Depths:4)
  11 hornets
  6 tyrant leeches
  A tarantella (Zig:7)
  3 glass eyes
  3 spriggan zombies
  2 flying skulls (Zig:15)
  47 slime creatures
  16 spriggans
  A jumping spider (Zig:7)
  A spriggan (shapeshifter) (D:13)
  A vampire (D:12)
  A water elemental (Depths:4)
  2 shadows
  4 yaks
  A human (shapeshifter) (Elf:3)
  4 wyverns
  4 hogs (Swamp:3)
  6 ushabtiu
  4 wargs
  2 air elementals (Depths:4)
  A neqoxec (D:13)
  A steam dragon (Lair:5)
  2 spatial vortices (Zig:9)
  2 swamp worms (shapeshifter)
  A vampire mosquito (Swamp:4)
  8 swamp worms
  A glowing shapeshifter zombie (Vaults:3)
  22 nagas
  A water moccasin (D:9)
  2 hell hounds (Lair:5)
  10 swamp drakes
  A black bear (shapeshifter) (D:13)
  2 human zombies (WizLab)
  14 orc warriors
  2 boggarts (Vaults:3)
  33 ogres
  A bullfrog (Lair:3)
  A wyvern zombie (D:5)
  2 necrophages (Crypt:2)
  A killer bee (D:12)
  A shapeshifter zombie (Crypt:2)
  A bullfrog zombie (D:5)
  3 orc priests
  A bullfrog skeleton (D:5)
  10 orc wizards
  2 hell rats (Lair:3)
  10 mummies
  2 gnolls (D:10)
  A howler monkey skeleton (D:5)
  22 orcs
  2 snaplasher vines
  A spectral weapon (Elf:1)
  A starspawn tentacle (Swamp:1)
1075 creatures vanquished.

Vanquished Creatures (others)
  An ancient lich (Vaults:5)
  A juggernaut (Zig:12)
  2 pandemonium lords (Zig:10)
  An iron giant (Zig:13)
  A tengu reaver (Vaults:5)
  2 draconian knights
  A fire giant (Depths:4)
  A rockslime (Zig:11)
  A deep elf sorcerer (Vaults:5)
  2 stone giants
  An orc warlord (Zig:14)
  A draconian stormcaller (Zot:2)
  A demonspawn blood saint (Zig:5)
  A very ugly thing (Zig:10)
  A red draconian (Zot:1)
  A mummy priest (Zig:15)
  An entropy weaver (Zig:7)
  2 deep elf high priests (Vaults:5)
  2 yaktaur captains (Vaults:5)
  An ice dragon (Depths:4)
  A vault guard (Vaults:5)
  An orc high priest (Zig:14)
  A deep elf knight (Elf:3)
  A wretched star (Zig:9)
  A pharaoh ant (Zig:7)
  A spatial maelstrom (Zig:9)
  A glowing orange brain (Depths:4)
  An orb spider (shapeshifter) (Vaults:5)
  A deep elf zephyrmancer (Elf:1)
  A manticore (D:14)
  An ugly thing (Depths:2)
  A moth of wrath (Zot:3)
  A kobold blastminer (Zig:14)
  An apocalypse crab (Zig:9)
  A tormentor (Zig:13)
  4 guardian mummies (Zig:15)
  A flying skull (Zig:15)
  A human (Swamp:3)
  A swamp drake (Swamp:4)
  An orc warrior (Zig:14)
  An orc wizard (Zig:14)
  4 mummies (Zig:15)
  29 foxfires
  31 snaplasher vines
  A starspawn tentacle (Swamp:1)
114 creatures vanquished.

Grand Total: 2653 creatures vanquished

Notes
Turn   | Place    | Note
-------+----------+-------------------------------------------
     0 | D:1      | Banquo the Djinni Air Elementalist began the quest for the
                  | Orb.
     0 | D:1      | Banquo set off with the following spells memorised: Shock,
                  | Static Discharge, Swiftness, Airstrike.
     0 | D:1      | Reached XP level 1. HP: 15/15 MP: 0/0
   158 | D:1      | Reached XP level 2. HP: 20/22 MP: 0/0
   254 | D:1      | Reached skill level 1 in Fighting
  1104 | D:2      | Reached XP level 3. HP: 11/27 MP: 0/0
  1104 | D:2      | Learned a level 1 spell: Apportation
  1605 | D:2      | Reached XP level 4. HP: 29/33 MP: 0/0
  2457 | D:3      | Noticed Terence
  2462 | D:2      | Reached skill level 4 in Fire Magic
  2569 | D:3      | Reached XP level 5. HP: 39/39 MP: 0/0
  2569 | D:3      | Learned a level 2 spell: Blink
  2945 | D:3      | Killed Terence
  3293 | D:3      | Reached XP level 6. HP: 46/46 MP: 0/0
  3895 | D:4      | Found a staircase to the Ecumenical Temple.
  3902 | Temple   | Entered the Ecumenical Temple
  3912 | Temple   | Became a worshipper of Makhleb the Destroyer
  4107 | D:4      | Reached XP level 7. HP: 43/52 MP: 0/0
  4107 | D:4      | Learned a level 3 spell: Inner Flame
  4290 | D:4      | Found Muest's Armour Shoppe.
  4463 | D:5      | Entered Level 5 of the Dungeon
  4542 | D:5      | Reached skill level 5 in Spellcasting
  4542 | D:5      | Reached skill level 5 in Conjurations
  4542 | D:5      | Reached skill level 5 in Hexes
  4542 | D:5      | Reached skill level 5 in Summonings
  4542 | D:5      | Reached skill level 5 in Necromancy
  4542 | D:5      | Reached skill level 5 in Translocations
  4542 | D:5      | Reached skill level 5 in Fire Magic
  4542 | D:5      | Reached skill level 5 in Ice Magic
  4542 | D:5      | Reached skill level 5 in Air Magic
  4542 | D:5      | Reached skill level 5 in Earth Magic
  4542 | D:5      | Reached skill level 5 in Alchemy
  4542 | D:5      | Reached skill level 1 in Invocations
  4913 | D:5      | Found a runed translucent gate.
  4915 | D:5      | Found a runed translucent gate.
  4915 | D:5      | Found a runed translucent gate.
  4918 | D:5      | Noticed croobank's ghost (novice HOMo)
  5225 | D:5      | Reached XP level 8. HP: 54/58 MP: 0/0
  5630 | D:5      | Reached * piety under Makhleb
  5631 | D:5      | Reached skill level 1 in Axes
  6036 | D:6      | Reached skill level 5 in Fighting
  6491 | D:6      | Found a stormy altar of Qazlal.
  6620 | D:6      | Noticed Jeremiah
  7248 | D:6      | Reached XP level 9. HP: 33/65 MP: 0/0
  7248 | D:6      | Learned a level 4 spell: Cause Fear
  7489 | D:7      | Noticed Joseph
  7499 | D:7      | Reached skill level 6 in Fire Magic
  7537 | D:7      | Reached skill level 5 in Dodging
  7983 | D:7      | Noticed a deep elf pyromancer
  8296 | D:7      | Found a basalt altar of Yredelemnul.
  8607 | D:7      | Noticed a cyclops
  8614 | D:7      | Killed a cyclops
  8615 | D:7      | Reached XP level 10. HP: 36/73 MP: 0/0
  8876 | D:7      | Reached skill level 5 in Invocations
  8956 | D:7      | Reached ** piety under Makhleb
  9422 | D:7      | Noticed a green ugly thing
  9426 | D:7      | Killed a green ugly thing
  9427 | D:7      | Reached skill level 1 in Armour
  9427 | D:7      | Reached skill level 7 in Fire Magic
  9454 | D:7      | HP: 3/75 [Joseph/sling bullet (9)]
  9458 | D:7      | Killed Joseph
  9852 | D:7      | Killed a deep elf pyromancer
 10500 | D:8      | Found a staircase to the Lair.
 10501 | D:8      | Noticed a komodo dragon
 10510 | D:8      | Killed a komodo dragon
 10511 | D:8      | Reached XP level 11. HP: 68/79 MP: 0/0
 10511 | D:8      | Learned a level 5 spell: Summon Forest
 11212 | D:9      | Identified a scroll of acquirement
 11212 | D:9      | Acquired the +3 Elemental Staff {ele, rElec rF+ rC+ AC+3}
 11212 | D:9      | Found the +3 Elemental Staff {ele, rElec rF+ rC+ AC+3}
 11293 | D:9      | Reached *** piety under Makhleb
 11393 | D:9      | Reached skill level 1 in Staves
 11583 | D:9      | Noticed Harold
 11653 | D:9      | Noticed an oklob plant
 11662 | D:9      | Killed an oklob plant
 12064 | D:9      | Killed Harold
 12065 | D:9      | Reached skill level 8 in Fire Magic
 12320 | D:6      | Killed Jeremiah
 12339 | D:6      | Found a stormy altar of Qazlal.
 12923 | Lair:1   | Entered Level 1 of the Lair of Beasts
 13623 | Lair:2   | Reached XP level 12. HP: 84/88 MP: 0/0
 13826 | Lair:2   | Reached **** piety under Makhleb
 13904 | Lair:2   | Found a staircase to the Swamp.
 13904 | Lair:2   | Noticed a ghost crab
 13914 | Lair:2   | Killed a ghost crab
 13915 | Lair:2   | Reached skill level 5 in Armour
 13969 | Lair:2   | Found a large runed translucent door.
 13971 | Lair:2   | Found a large runed translucent door.
 13972 | Lair:2   | Noticed Sonofthefire's ghost (journeyman OpSh)
 14087 | Lair:2   | Found a staircase to the Snake Pit.
 14680 | Lair:3   | Found a dark tunnel.
 14688 | Volcano  | Entered a volcano
 14878 | Volcano  | Noticed a two-headed ogre
 14878 | Volcano  | Noticed a two-headed ogre
 14881 | Volcano  | Noticed an ogre mage
 14881 | Volcano  | Noticed a two-headed ogre
 14881 | Volcano  | Noticed a two-headed ogre
 14883 | Volcano  | Killed a two-headed ogre
 14887 | Volcano  | Noticed a hell knight
 14901 | Volcano  | Killed an ogre mage
 14909 | Volcano  | Killed a two-headed ogre
 14910 | Volcano  | Killed a two-headed ogre
 14911 | Volcano  | Reached skill level 9 in Fire Magic
 14914 | Volcano  | Killed a two-headed ogre
 14915 | Volcano  | Noticed a two-headed ogre
 14941 | Volcano  | Killed a two-headed ogre
 14978 | Volcano  | Killed a hell knight
 14979 | Volcano  | Reached XP level 13. HP: 87/94 MP: 0/0
 14979 | Volcano  | Learned a level 5 spell: Silence
 15019 | Volcano  | Reached skill level 5 in Staves
 15055 | Volcano  | Found a bloodstained altar of Trog.
 15505 | Lair:3   | Noticed a four-headed hydra
 15509 | Lair:3   | Killed a four-headed hydra
 15572 | Lair:3   | Reached skill level 10 in Fighting
 15792 | Lair:3   | Noticed a seven-headed hydra
 16450 | Lair:3   | Killed a seven-headed hydra
 16911 | Lair:4   | Found a transporter.
 16926 | Lair:4   | Noticed a four-headed hydra
 16930 | Lair:4   | Killed a four-headed hydra
 17027 | Lair:4   | Reached skill level 10 in Spellcasting
 17027 | Lair:4   | Reached skill level 10 in Conjurations
 17027 | Lair:4   | Reached skill level 10 in Hexes
 17027 | Lair:4   | Reached skill level 10 in Summonings
 17027 | Lair:4   | Reached skill level 10 in Necromancy
 17027 | Lair:4   | Reached skill level 10 in Translocations
 17027 | Lair:4   | Reached skill level 10 in Fire Magic
 17027 | Lair:4   | Reached skill level 10 in Ice Magic
 17027 | Lair:4   | Reached skill level 10 in Air Magic
 17027 | Lair:4   | Reached skill level 10 in Earth Magic
 17027 | Lair:4   | Reached skill level 10 in Alchemy
 17029 | Lair:4   | Reached XP level 14. HP: 74/103 MP: 0/0
 17031 | Lair:4   | Reached ***** piety under Makhleb
 17208 | Lair:4   | Noticed boo's ghost (journeyman DrSh)
 17216 | Lair:4   | Found a transporter.
 17219 | Lair:4   | Found a bloodstained altar of Trog.
 17592 | Lair:4   | Reached skill level 1 in Shields
 17696 | Lair:4   | Reached skill level 10 in Invocations
 17927 | Lair:5   | Entered Level 5 of the Lair of Beasts
 18664 | Lair:5   | Found a staircase to the Slime Pits.
 19013 | Lair:5   | Found a large runed translucent door.
 19014 | Lair:5   | Found a large runed translucent door.
 19111 | Lair:5   | Reached XP level 15. HP: 111/111 MP: 0/0
 19111 | Lair:5   | Learned a level 6 spell: Simulacrum
 19612 | D:10     | Entered Level 10 of the Dungeon
 20405 | D:11     | Reached ****** piety under Makhleb
 20475 | D:11     | Acquired a manual of Shields
 20776 | D:11     | Found a staircase to the Orcish Mines.
 20787 | D:11     | Found Duunomm's Antique Weapon Emporium.
 20836 | D:11     | Bought a scorched trident for 238 gold pieces
 20836 | D:11     | Identified the +8 trident of Due Proportion {freeze, Int+3}
                  | (You bought it in a shop on level 11 of the Dungeon)
 20836 | D:11     | Bought a brightly glowing spear for 224 gold pieces
 20836 | D:11     | Identified the +8 spear "Kiroa" {speed, Will+} (You bought
                  | it in a shop on level 11 of the Dungeon)
 21371 | D:12     | Reached skill level 11 in Fire Magic
 21409 | D:12     | Reached skill level 5 in Shields
 21547 | D:12     | Identified the +5 chain mail of Complete Protection {Str+4}
 21666 | D:12     | You are sucked into a shaft and drop 1 floor!
 22696 | Orc:1    | Entered Level 1 of the Orcish Mines
 22714 | Orc:1    | Reached skill level 10 in Dodging
 23116 | Orc:2    | Entered Level 2 of the Orcish Mines
 23129 | Orc:2    | Found a gate leading to a gauntlet.
 23134 | Gauntlet | Entered a Gauntlet
 23134 | Gauntlet | Found a transporter.
 23134 | Gauntlet | Found a transporter.
 23134 | Gauntlet | Found a transporter.
 23150 | Gauntlet | Found a transporter.
 23154 | Gauntlet | Found a transporter.
 23170 | Gauntlet | Found a transporter.
 23172 | Gauntlet | Found a transporter.
 23186 | Gauntlet | Found a transporter.
 23207 | Gauntlet | Found a transporter.
 23224 | Gauntlet | Found a transporter.
 23228 | Gauntlet | Found a transporter.
 23241 | Gauntlet | Found a transporter.
 23382 | Gauntlet | Identified the +8 tower shield of Charmed Surprise {Rampage
                  | Will++ MP-9 SInv}
 23439 | Gauntlet | Found the +4 robe of Folly {Brill Will-∞ Int+8}
 23517 | Orc:2    | Reached XP level 16. HP: 104/118 MP: 0/0
 23558 | Orc:2    | Found a staircase to the Elven Halls.
 23644 | Orc:2    | Reached skill level 10 in Armour
 23808 | Orc:2    | Found Poschasm's Antique Armour Shoppe.
 23813 | Orc:2    | Found Jituzal's Antique Armour Boutique.
 23823 | Orc:2    | Found Ferph's Jewellery Emporium.
 23824 | Orc:2    | Found Kingyquh's Weapon Emporium.
 24576 | D:13     | Found a runed translucent gate.
 24576 | D:13     | Found a runed translucent gate.
 24576 | D:13     | Found a runed translucent gate.
 24579 | D:13     | Identified the +5 scale mail of Levity {rPois rN+ Str+2}
 24951 | D:13     | Found a gate to the Vaults.
 25054 | D:13     | Noticed Lodul
 25520 | D:13     | Killed Lodul
 25744 | D:13     | Found a runed translucent gate.
 25744 | D:13     | Found a runed translucent gate.
 25748 | D:13     | Found a runed translucent gate.
 25751 | D:13     | Noticed a tentacled monstrosity
 25754 | D:13     | Noticed Haduh's ghost (journeyman FeSh)
 25788 | D:13     | Killed a tentacled monstrosity
 25792 | D:13     | Reached skill level 12 in Fire Magic
 25792 | D:13     | Killed Haduh's ghost
 26297 | D:14     | Reached XP level 17. HP: 121/126 MP: 0/0
 26297 | D:14     | Learned a level 7 spell: Monstrous Menagerie
 26338 | D:14     | Reached skill level 10 in Shields
 26558 | D:14     | Found Rewuunt's Assorted Antiques.
 26865 | D:14     | Found a blossoming altar of Fedhas.
 26970 | D:15     | Entered Level 15 of the Dungeon
 27760 | D:15     | Found a staircase to the Depths.
 28342 | Snake:1  | Entered Level 1 of the Snake Pit
 29896 | Snake:3  | Reached XP level 18. HP: 120/135 MP: 0/0
 30263 | Snake:4  | Entered Level 4 of the Snake Pit
 30290 | Snake:4  | Found Fiydiv's Jewellery Shoppe.
 30292 | Snake:4  | Found Ehum's Weapon Emporium.
 30292 | Snake:4  | Found Baptao's Antique Weapon Shoppe.
 30297 | Snake:4  | Found Caetaasch's Assorted Antiques.
 30309 | Snake:4  | Bought a ring of wizardry for 360 gold pieces
 30435 | Snake:4  | Reached skill level 13 in Fire Magic
 30610 | Snake:4  | Reached XP level 19. HP: 141/141 MP: 0/0
 30610 | Snake:4  | Learned a level 6 spell: Death Channel
 31283 | Snake:4  | Got a serpentine rune of Zot
 31403 | Snake:4  | Reached skill level 15 in Fighting
 31576 | Snake:4  | Reached XP level 20. HP: 105/149 MP: 0/0
 32151 | Swamp:1  | Entered Level 1 of the Swamp
 32235 | Swamp:1  | Noticed Roxanne
 32473 | Swamp:1  | Reached skill level 15 in Shields
 32572 | Swamp:1  | Noticed Jorgrun
 32579 | Swamp:1  | Killed Jorgrun
 32652 | Swamp:1  | Noticed Mlioglotl
 32659 | Swamp:1  | Noticed a bone dragon
 32880 | Elf:1    | Entered Level 1 of the Elven Halls
 32894 | Elf:1    | Found Plog's Distillery.
 33123 | Elf:1    | Reached skill level 14 in Fire Magic
 33209 | Elf:1    | Found Uquahusm's Weapon Emporium.
 33313 | Elf:1    | Found Uzug's General Store.
 33631 | Elf:1    | Noticed Asterion
 33639 | Elf:1    | Killed Asterion
 33665 | Elf:1    | Found Odehassawyi's Weapon Boutique.
 34192 | Elf:2    | Found a huge runed translucent gate.
 34192 | Elf:2    | Found a huge runed translucent gate.
 34194 | Elf:2    | Found a huge runed translucent gate.
 34194 | Elf:2    | Found a huge runed translucent gate.
 34195 | Elf:2    | Found a huge runed translucent gate.
 34690 | Elf:3    | Entered Level 3 of the Elven Halls
 34914 | Elf:3    | Reached skill level 15 in Invocations
 35113 | Elf:3    | Reached XP level 21. HP: 145/155 MP: 0/0
 35113 | Elf:3    | Learned a level 7 spell: Summon Hydra
 35293 | Elf:3    | Identified the +0 war axe of Fedhas, Hurling {flame, rPois}
 35329 | Elf:3    | Identified the ring of Emon {Wiz rC++ Str+2 Int+2 Stlth+}
 35753 | Elf:3    | Identified the +5 ring mail of Circular Logic {Int+3}
 35777 | Elf:3    | Identified the staff "Givog" {rPois rC- rN+ Str+9 Dex-5
                  | Necro}
 35787 | Elf:3    | Identified the +1 chain mail "Tuplib" {Int+2}
 36529 | D:5      | Killed croobank's ghost
 36752 | Lair:2   | Killed Sonofthefire's ghost
 36764 | Lair:2   | Identified the +1 glaive of Seurhit {holy, rPois rC+++
                  | Str-4 Dex-5}
 36901 | Lair:4   | Killed boo's ghost
 37269 | Swamp:1  | Killed Mlioglotl
 37449 | Swamp:1  | Killed Roxanne
 37562 | Swamp:2  | Found a glowing golden altar of the Shining One.
 38227 | Swamp:3  | Noticed Kirke
 38233 | Swamp:3  | Killed Kirke
 38575 | Swamp:3  | Noticed Mara
 38581 | Swamp:3  | Killed Mara
 38646 | Swamp:4  | Entered Level 4 of the Swamp
 38764 | Swamp:4  | Reached skill level 15 in Spellcasting
 38764 | Swamp:4  | Reached skill level 15 in Conjurations
 38764 | Swamp:4  | Reached skill level 15 in Hexes
 38764 | Swamp:4  | Reached skill level 15 in Summonings
 38764 | Swamp:4  | Reached skill level 15 in Necromancy
 38764 | Swamp:4  | Reached skill level 15 in Translocations
 38764 | Swamp:4  | Reached skill level 15 in Fire Magic
 38764 | Swamp:4  | Reached skill level 15 in Ice Magic
 38764 | Swamp:4  | Reached skill level 15 in Air Magic
 38764 | Swamp:4  | Reached skill level 15 in Earth Magic
 38764 | Swamp:4  | Reached skill level 15 in Alchemy
 38769 | Swamp:4  | Reached XP level 22. HP: 115/163 MP: 0/0
 39128 | Swamp:4  | Identified the +1 robe of Cudynnada {-Cast Fly rPois}
 39285 | Swamp:4  | Got a decaying rune of Zot
 39589 | Vaults:1 | Entered Level 1 of the Vaults
 39663 | Vaults:1 | Found a flickering gateway to a bazaar.
 39668 | Bazaar   | Entered a bazaar
 39685 | Bazaar   | Found Amaunk's Distillery.
 39702 | Bazaar   | Found Qafodooth's Book Shoppe.
 39702 | Bazaar   | Found Eschimula's Magic Scroll Emporium.
 39725 | Bazaar   | Found Ugannoppu's Jewellery Shoppe.
 39725 | Bazaar   | Found Opheew's Antique Armour Emporium.
 39772 | Bazaar   | Bought a scroll of fog for 32 gold pieces
 39772 | Bazaar   | Bought a scroll of fear for 32 gold pieces
 39772 | Bazaar   | Bought a scroll of revelation for 60 gold pieces
 39772 | Bazaar   | Bought a scroll of revelation for 60 gold pieces
 39786 | Bazaar   | Bought a potion of curing for 45 gold pieces
 39786 | Bazaar   | Bought a potion of heal wounds for 75 gold pieces
 39786 | Bazaar   | Bought a potion of curing for 45 gold pieces
 39786 | Bazaar   | Bought a potion of haste for 150 gold pieces
 39786 | Bazaar   | Bought a potion of heal wounds for 75 gold pieces
 39786 | Bazaar   | Bought a potion of heal wounds for 75 gold pieces
 41984 | Vaults:2 | Reached XP level 23. HP: 169/169 MP: 0/0
 41984 | Vaults:2 | Learned a level 7 spell: Orb of Destruction
 42184 | Vaults:2 | Reached skill level 16 in Fire Magic
 42732 | Vaults:3 | Noticed Donald
 42741 | Vaults:3 | Killed Donald
 42767 | Vaults:3 | Found a magical portal.
 42789 | WizLab   | Entered Doroklohe's Tomb
 42882 | WizLab   | Noticed an ancient lich
 42889 | WizLab   | Killed an ancient lich
 43416 | Vaults:3 | Noticed Bai Suzhen
 43461 | Vaults:3 | Killed Bai Suzhen
 43973 | Vaults:3 | You are sucked into a shaft and drop 1 floor!
 44137 | Vaults:3 | Found a staircase to the Crypt.
 45004 | Vaults:4 | Reached XP level 24. HP: 100/177 MP: 0/0
 45736 | Vaults:4 | Reached skill level 17 in Fire Magic
 46517 | D:8      | Acquired 1162 gold pieces
 46706 | Depths:1 | Entered Level 1 of the Depths
 46916 | Depths:1 | Found Eraf Gue's Vocational Training.
 47017 | Depths:1 | Found a one-way gate to the infinite horrors of the Abyss.
 47258 | Depths:1 | Found a one-way gate leading to the halls of Pandemonium.
 47449 | Depths:1 | Found Toarasat's General Store.
 47451 | Depths:1 | Found Ymune's Specific Store.
 47455 | Depths:1 | Bought a scroll of blinking for 142 gold pieces
 47455 | Depths:1 | Bought a potion of brilliance for 76 gold pieces
 47455 | Depths:1 | Bought a scroll of teleportation for 57 gold pieces
 47455 | Depths:1 | Bought a potion of haste for 190 gold pieces
 47459 | Depths:1 | Bought a potion of haste for 170 gold pieces
 47566 | Depths:1 | Found a gateway to Hell.
 47802 | Depths:2 | Noticed a juggernaut
 47813 | Depths:2 | Killed a juggernaut
 47958 | Depths:2 | Noticed a golden dragon
 47961 | Depths:2 | Noticed a caustic shrike
 47989 | Depths:2 | Killed a golden dragon
 48027 | Depths:2 | Killed a caustic shrike
 48093 | Depths:2 | Identified the -1 pair of boots of Tijeup {SInv}
 48149 | Depths:2 | Identified the +2 shortbow of Agony {drain, ^Contam rElec
                  | rN+}
 48221 | Depths:2 | Noticed a juggernaut
 48240 | Depths:2 | Killed a juggernaut
 48347 | Depths:2 | Found a one-way gateway to a ziggurat.
 48382 | Depths:2 | Identified the +0 ring mail of Saucu {Dex+7}
 48385 | Depths:2 | Identified the orb of Refuge {light, rElec Int+3 Slay+4}
 48442 | Depths:2 | Identified the dragon-blood talisman "Uhifuhor" {rElec
                  | Str-5 Int+2 Stlth+}
 48743 | Depths:2 | Reached XP level 25. HP: 128/186 MP: 0/0
 48743 | Depths:2 | Learned a level 8 spell: Discord
 50157 | Depths:3 | Identified the +1 robe of Green Happiness {rElec rC+ Will+
                  | Int+2}
 50271 | Depths:3 | Reached skill level 18 in Fire Magic
 50358 | Depths:3 | Noticed Louise
 50371 | Depths:3 | Killed Louise
 50826 | Depths:3 | Noticed Mennas
 50837 | Depths:3 | Killed Mennas
 51142 | Depths:4 | Entered Level 4 of the Depths
 51142 | Depths:4 | Noticed a juggernaut
 51142 | Depths:4 | Noticed a juggernaut
 51544 | Depths:4 | Found a sparkling altar of Nemelex Xobeh.
 51589 | Depths:4 | Noticed a juggernaut
 51599 | Depths:4 | Killed a juggernaut
 51618 | Depths:4 | Noticed a juggernaut
 51771 | Depths:4 | Killed a juggernaut
 51829 | Depths:4 | Killed a juggernaut
 52043 | Depths:4 | Noticed a juggernaut
 52044 | Depths:4 | Found a runed translucent gate.
 52054 | Depths:4 | Killed a juggernaut
 52064 | Depths:4 | Found a runed translucent gate.
 52065 | Depths:4 | Found a runed translucent gate.
 52089 | Depths:4 | Noticed DoNotCum's ghost (veteran DECj)
 52191 | Depths:4 | Found a gate to the Realm of Zot.
 52454 | Depths:4 | Noticed a juggernaut
 52464 | Depths:4 | Killed a juggernaut
 52629 | Depths:4 | Reached XP level 26. HP: 178/195 MP: 0/0
 53421 | Slime:1  | Entered Level 1 of the Pits of Slime
 54128 | Zig:1    | Entered Level 1 of a ziggurat
 54165 | Zig:2    | Entered Level 2 of a ziggurat
 54165 | Zig:2    | Noticed a royal mummy
 54171 | Zig:2    | Killed a royal mummy
 54241 | Zig:2    | Identified the +10 flail "Anwipe" {antimagic, rCorr Int+3}
 54247 | Zig:3    | Entered Level 3 of a ziggurat
 54283 | Zig:4    | Entered Level 4 of a ziggurat
 54287 | Zig:4    | Noticed a royal mummy
 54292 | Zig:4    | Killed a royal mummy
 54344 | Zig:5    | Entered Level 5 of a ziggurat
 54481 | Zig:6    | Entered Level 6 of a ziggurat
 54588 | Zig:7    | Entered Level 7 of a ziggurat
 54632 | Zig:7    | Identified the staff of Division {^Fragile rElec rN+ rCorr
                  | Int+3 Air}
 54637 | Zig:7    | Identified the +8 ice dragon scales of the Ward {rPois rF-
                  | rC++ rN+ Will+ Slay-5}
 54649 | Zig:7    | Identified the +4 mace of Ficerr {elec, rN++}
 54655 | Zig:8    | Entered Level 8 of a ziggurat
 54668 | Zig:8    | Reached skill level 19 in Fire Magic
 54714 | Zig:8    | Identified the ring "Moafatu" {Will+ EV+5}
 54748 | Zig:9    | Entered Level 9 of a ziggurat
 54860 | Zig:9    | Identified the +3 sling of the Devouring Boar {flame,
                  | rCorr}
 54875 | Zig:9    | Identified the +7 sling of Success {antimagic, rPois Dex+6}
 54885 | Zig:10   | Entered Level 10 of a ziggurat
 54895 | Zig:10   | Noticed Wamp the pandemonium lord
 54896 | Zig:10   | Noticed a Killer Klown
 54899 | Zig:10   | Noticed Afimixu the pandemonium lord
 54909 | Zig:10   | Found the ring of the Hare {EV+10}
 54912 | Zig:10   | Identified the +2 war axe "Yliuno" {heavy, Str+3}
 54915 | Zig:10   | Killed Afimixu the pandemonium lord
 54916 | Zig:10   | Gained mutation: You are clumsy. (Dex -2) [a shining eye]
 54917 | Zig:10   | Killed Wamp the pandemonium lord
 54919 | Zig:11   | Entered Level 11 of a ziggurat
 55107 | Zig:12   | Entered Level 12 of a ziggurat
 55119 | Zig:12   | Noticed a juggernaut
 55120 | Zig:12   | Noticed a juggernaut
 55124 | Zig:12   | Killed a juggernaut
 55139 | Zig:12   | Killed a juggernaut
 55185 | Zig:12   | Identified the orb of Dice, Bag, and Bottle {guile, +Inv
                  | Slay+3}
 55187 | Zig:12   | Identified the +1 pair of gloves "Sutuecw" {Int+5}
 55193 | Zig:12   | Identified the +7 arbalest of Eternal Vigilance {drain,
                  | +Blink rElec rF+ Str-2}
 55196 | Zig:12   | Identified the +4 ring mail of the Pleiades {rN++ Stlth+}
 55215 | Zig:13   | Entered Level 13 of a ziggurat
 55240 | Zig:14   | Entered Level 14 of a ziggurat
 55296 | Zig:14   | Reached skill level 20 in Fire Magic
 55420 | Zig:14   | Found the +7 lajatang of Order {silver, rMut}
 55427 | Zig:14   | Identified the +11 falchion of Fedhas, Thieving {speed,
                  | MP+9 Str+4}
 55432 | Zig:14   | Identified the amulet "Hiuqipsodiuk" {Reflect Int+3 Dex+5
                  | SH+5}
 55437 | Zig:14   | Identified the +1 broad axe of Infinite Pain {flame, rElec}
 55439 | Zig:14   | Identified the +6 spear of Pimaesaw {flame, rElec rF- rN+
                  | Will+}
 55451 | Zig:14   | Identified the +6 battleaxe "Inidoul" {vamp, Int+3 Stlth+}
 55455 | Zig:14   | Identified the ring of Hurph {rN+ Stlth+}
 55474 | Zig:15   | Entered Level 15 of a ziggurat
 55484 | Zig:15   | Noticed a royal mummy
 55498 | Zig:15   | Noticed a royal mummy
 55507 | Zig:15   | Noticed a royal mummy
 55510 | Zig:15   | Reached XP level 27. HP: 126/191 MP: 0/0
 55510 | Zig:15   | Learned a level 9 spell: Shatter
 55511 | Zig:15   | Killed a royal mummy
 55513 | Zig:15   | Killed a royal mummy
 55532 | Zig:15   | Killed a royal mummy
 55532 | Zig:15   | HP: 5/197 [something (23)]
 55634 | Zig:15   | Identified the ring of Xiyl {Wiz Dex+5}
 55696 | Zig:15   | Reached skill level 21 in Fire Magic
 55697 | Zig:15   | Reached skill level 22 in Fire Magic
 56220 | D:14     | Bought a potion of ambrosia for 256 gold pieces
 56220 | D:14     | Bought a scroll of fear for 128 gold pieces
 56327 | Elf:1    | Bought a potion of heal wounds for 80 gold pieces
 56327 | Elf:1    | Bought a potion of haste for 160 gold pieces
 56327 | Elf:1    | Bought a potion of invisibility for 128 gold pieces
 56327 | Elf:1    | Bought a potion of might for 64 gold pieces
 56354 | Elf:1    | Bought a scroll of fog for 48 gold pieces
 56354 | Elf:1    | Bought a scroll of teleportation for 36 gold pieces
 56623 | Snake:4  | Bought a potion of might for 128 gold pieces
 56631 | Snake:4  | Bought a glimmering long sword for 297 gold pieces
 56631 | Snake:4  | Identified the +3 long sword of Internal Strife {spect, rF+
                  | Str+3} (You bought it in a shop on level 4 of the Snake
                  | Pit)
 56631 | Snake:4  | Bought a translucent sling for 227 gold pieces
 56631 | Snake:4  | Identified the +1 sling of Courage {heavy, rC+ Will+} (You
                  | bought it in a shop on level 4 of the Snake Pit)
 56901 | Elf:1    | Bought the +1 cloak of Starlight {*Dazzle EV+4 Stlth--} for
                  | 366 gold pieces
 56901 | Elf:1    | Found the +1 cloak of Starlight {*Dazzle EV+4 Stlth--}
 57335 | Crypt:1  | Entered Level 1 of the Crypt
 58290 | Crypt:2  | Reached skill level 23 in Fire Magic
 59247 | Crypt:3  | Entered Level 3 of the Crypt
 59386 | Crypt:3  | Identified the ring "Gelloewa" {Ice rElec Dex+4 Slay+3}
 59386 | Crypt:3  | Noticed Josephina
 59389 | Crypt:3  | Killed Josephina
 59443 | Crypt:2  | Gained mutation: You are occasionally teleported next to
                  | monsters. [mutagenic glow]
 59865 | D:8      | Lost mutation: You are clumsy. (Dex -2) [potion of
                  | mutation]
 59865 | D:8      | Lost mutation: You are occasionally teleported next to
                  | monsters. [potion of mutation]
 59865 | D:8      | Gained mutation: You possess an exceptional clarity of
                  | mind. [potion of mutation]
 59865 | D:8      | Gained mutation: You have very sharp teeth. [potion of
                  | mutation]
 60295 | Crypt:3  | Identified the +1 quarterstaff of Causality {freeze, rPois
                  | rC+}
 60368 | Crypt:3  | Found a staircase to the Tomb.
 60402 | Crypt:3  | Reached skill level 24 in Fire Magic
 60574 | Crypt:3  | Noticed a dread lich
 60577 | Crypt:3  | Killed a dread lich
 61002 | Crypt:3  | Found the +9 sword of Zonguldrok {reap}
 61083 | Crypt:3  | Reached skill level 25 in Fire Magic
 62166 | Vaults:5 | Entered Level 5 of the Vaults
 62166 | Vaults:5 | Noticed a dread lich
 62184 | Vaults:5 | Killed a dread lich
 62198 | Vaults:5 | Reached skill level 26 in Fire Magic
 62222 | Vaults:5 | Killed a dread lich
 62237 | Vaults:5 | Killed a dread lich
 62251 | Vaults:5 | Noticed an ancient lich
 62284 | Vaults:5 | Killed an ancient lich
 62317 | Vaults:5 | Noticed an ancient lich
 62329 | Vaults:5 | Killed an ancient lich
 62518 | Vaults:5 | Got a silver rune of Zot
 62631 | Vaults:5 | Identified the +3 mace of Memachecs {freeze, rElec rF+
                  | Int+3 Dex-3}
 62667 | Vaults:5 | Found the +6 arbalest "Damnation" {damnation}
 62676 | Vaults:5 | Identified the staff of the Charming Bear {rC+ Int+2 Dex+3
                  | Ice}
 63933 | Depths:4 | Killed DoNotCum's ghost
 64186 | Depths:4 | Got the ring "Mummif" {Fire Int-2 Dex+3}
 64188 | Depths:4 | Identified the +5 ring mail of Joy {Dex+6}
 64321 | Zot:1    | Entered Level 1 of the Realm of Zot
 64403 | Zot:1    | Reached skill level 27 in Fire Magic
 64434 | Zot:1    | Noticed Phlounder's ghost (veteran DrBe)
 64486 | Zot:1    | Found a runed translucent door.
 64944 | Zot:1    | Killed Phlounder's ghost
 67796 | Zot:3    | Found a transporter.
 67827 | Zot:3    | Found a transporter.
 68047 | Zot:3    | Identified the ring of Hoiptaa {MP+9 Int+2}
 68551 | Zot:4    | Reached skill level 1 in Polearms
 69867 | Zot:5    | Entered Level 5 of the Realm of Zot
 70469 | Zot:5    | Noticed an orb of fire
 70483 | Zot:5    | Killed an orb of fire
 70571 | Zot:5    | Noticed an orb of fire
 70574 | Zot:5    | Killed an orb of fire
 70586 | Zot:5    | Noticed an ancient lich
 70589 | Zot:5    | Killed an ancient lich
 70614 | Zot:5    | Noticed a Killer Klown
 70616 | Zot:5    | Noticed a dread lich
 70620 | Zot:5    | Killed a Killer Klown
 70621 | Zot:5    | Killed a dread lich
 70895 | Zot:5    | Noticed an orb of fire
 70898 | Zot:5    | Killed an orb of fire
 70950 | Zot:5    | Noticed an orb of fire
 70955 | Zot:5    | Killed an orb of fire
 71055 | Zot:5    | Noticed a dread lich
 71058 | Zot:5    | Killed a dread lich
 71112 | Zot:5    | Noticed a Killer Klown
 71117 | Zot:5    | Killed a Killer Klown
 71119 | Zot:5    | Noticed an orb of fire
 71122 | Zot:5    | Gained mutation: You occasionally lose the ability to drink
                  | potions when taking damage. [an orb of fire]
 71123 | Zot:5    | Killed an orb of fire
 71238 | Zot:5    | Noticed a dread lich
 71243 | Zot:5    | Killed a dread lich
 71627 | Zot:5    | Noticed an orb of fire
 71631 | Zot:5    | Noticed an ancient lich
 71632 | Zot:5    | Killed an orb of fire
 71637 | Zot:5    | Killed an ancient lich
 71723 | Zot:5    | Noticed a dread lich
 71731 | Zot:5    | Killed a dread lich
 71896 | Zot:5    | Noticed an ancient lich
 71909 | Zot:5    | Killed an ancient lich
 72733 | Zot:5    | Got the Orb of Zot
 73098 | D:1      | Noticed Newiot the pandemonium lord
 73113 | D:1      | Killed Newiot the pandemonium lord
 73128 | D:1      | Noticed Jairuj the pandemonium lord
 73159 | D:1      | Woot!
 73160 | D:$      | Escaped with the Orb!

Illustrated notes

#...#....####...).........#.##
##.#.#.#..####.##.......#.###.###
...........#.............## ##...
###.......>#.###........#.###.###
# #...#......###.....#..##.#.## #
# #........#...##################
###..#.#.......## #∩.##∩∩##..##.
...........##...####.............
#....#.........#@................
#.##.###.###....#........).......
#.##.# ##...##...............
#.##.# ##..####.............
#.##)# ..#. ###∩∩∩.#.###.. ..##.#
##.#. #####...∩#... ####.# #.##.
#...###.∩.... # #.# #.#
#...#........ #.#
#.######...###.##...


Turn 73159 on D:1: Woot!

Levels and vault maps discovered:
D:1:      amcnicky_arrival_abandoned_market, layout_loops_ring, serial_glass,
          glass_columns_a, glass_columns_a
D:2:      minmay_angry_zag, layout_basic
D:3:      layout_basic, nicolae_sif_muna_condensation, hangedman_decor_riveting,
          grunt_decor_one_mirror, uniq_terence
D:4:      layout_gridville, minmay_temple_entry_ruins, serial_shops,
          nicolae_diamond_shop
D:5:      layout_basic, gammafunk_ghost_necromancy, minivault_1,
          minmay_manual_monstrance
D:6:      layout_loops_ring, kiku_gazebo_garden_becter,
          nicolae_qazlal_eye_of_the_storm, uniq_jeremiah
D:7:      minmay_the_grid_four_pointed_star
          [minmay_the_grid_triangle_9x9_stretched_checkered,
          minmay_the_grid_triangle_9x9_cache,
          minmay_the_grid_triangle_9x9_impossible_snake,
          minmay_the_grid_triangle_9x9_corruption,
          minmay_the_grid_prize_four_corners], layout_cave_pods,
          nicolae_yredelemnul_corpse_copse, uniq_joseph
D:8:      layout_basic, david_lair_shrubbed
D:9:      layout_stronghold, introduction_to_nature_2, uniq_harold
D:10:     layout_rooms, roderic_batcave
D:11:     hellmonk_destroyed_diamonds, layout_loops_ring, orc_0_dummy,
          serial_shops, nicolae_diamond_shop, special_room [special_room_orc],
          nicolae_underground_beach
D:12:     kennysheep_green_arena, layout_rooms, serial_aquarium,
          aquarium_bridge_long_separate [aquarium_subvault_bridge,
          aquarium_subvault_wall, aquarium_subvault_window,
          aquarium_subvault_window, aquarium_subvault_wall,
          aquarium_subvault_bridge], aquarium_window_1, aquarium_window_fake,
          aquarium_window_corridor_1, aquarium_window_fake, aquarium_view_2f,
          aquarium_view_2c, minivault_7
D:13:     layout_basic, erik_vaults_2,
          ploomutoo_gammafunk_ghost_potion_laboratory, serial_curves,
          eino_curves_01, eino_curves_02, eino_curves_01, uniq_lodul
D:14:     layout_roguey, fedhas_altar_4, serial_shops, kennysheep_little_box,
          minmay_misc_feat_five
D:15:     grunt_enter_depths_snipers, layout_cave_pods, serial_park_gazebo
          [serial_park_minivault_5x5_5], lemuel_old_faithful
Temple:   regret_index_temple_chain_breaker
Lair:1:   layout_long_grid, chequers_serial_rivers_micro_a, lemuel_fruit_tree,
          grunt_megastairs_4
Lair:2:   layout_loops_ring, nicolae_swamp_entry_spooky,
          minmay_snake_entry_six_corridors, ebering_ghost_disaster_area,
          chequers_serial_rivers_large_b
Lair:3:   layout_roguey [special_room_mythical_zoo],
          nicolae_volcano_entry_hallway, chequers_serial_rivers_room_b
Lair:4:   layout_cave_pods, special_room [special_room_mythical_zoo],
          gammafunk_ghost_wrathful_warriors, st_stairs_5
Lair:5:   cheibrodos_lair_end_hotspot, layout_loops_ring,
          minmay_slime_entry_oklob_enclosed, infiniplex_staircase_pool,
          serial_bayou_shore_b
Swamp:1:  layout_falls_marsh, nicolae_swamp_treefoil, swamp_pool_1_2,
          nicolae_swamp_tree_isthmus, uniq_roxanne, uniq_mlioglotl, uniq_jorgrun
Swamp:2:  layout_basic_swamp, basic_altar, swamp_pool_5
Swamp:3:  layout_basic_swamp, evilmike_swamp_ruin_rubble_2, swamp_pool_3,
          infiniplex_staircase_pool_2, uniq_kirke, uniq_mara
Swamp:4:  swamp_fiery, layout_basic_swamp
Snake:1:  layout_misc_corridors
Snake:2:  layout_basic, nicolae_triple_integral
Snake:3:  layout_onion_interference
Snake:4:  grunt_snake_rune_serpentine_throne, layout_misc_corridors,
          nicolae_snake_scaly_snakehead, minmay_shoptagon
Slime:1:  layout_caves
Orc:1:    layout_caves, mines2_david
Orc:2:    st_orc_open, layout_caves, gauntlet_entry_generic
Elf:1:    layout_gridlike, serial_shops, shop, shop,
          nicolae_shop_industrial_runoff, shop, nicolae_elf_crossing_hall,
          minivault_25_ag, lemuel_upstairs_altar, uniq_asterion
Elf:2:    elven_hall_of_blades_hangedman_alternative [nicolae_blade_tridents],
          layout_geoelf_grid, serial_corexii_hall, chequers_hall_statues_wall_a,
          chequers_hall_statues_corner_a, chequers_hall_statues_wall_a,
          corexii_hall_statues_x, basic_altar
Elf:3:    minmay_elf_hall_statues, layout_loops_cross, basic_altar
Vaults:1: grunt_vaults_hallway_short, nicolae_vaults_trapezoid_lopsided_3,
          nicolae_vaults_storage_closets_1, v_pattern_5,
          nicolae_vaults_tetromino_Z_2, nicolae_vaults_turnstiles,
          nicolae_vaults_circle_grid_a, nicolae_vaults_asterisk,
          nicolae_vaults_heart-shaped_vault, hangedman_vaults_capsules,
          layout_vaults_quadrants, serial_shops, bzr_entry_dummy
Vaults:2: v_alt_pattern_1, grunt_vaults_swirl, nicolae_vaults_inception_corners,
          v_rooms_6, v_misc_1, nicolae_vaults_stairing_the_circle,
          hangedman_vaults_river_flow, nicolae_vaults_tetromino_Z_1,
          vaults_dpeg_cross, nicolae_vaults_double_plus_2,
          nicolae_vaults_shelves_hall, nicolae_vaults_lightning_bolt,
          ontoclasm_vaults_idyll, nicolae_vaults_tetromino_T_1,
          layout_vaults_omnibox
Vaults:3: lightli_enter_wizlab_magi_temple, nicolae_vaults_what_the_h,
          ontoclasm_vaults_decontamination, hangedman_vaults_cutoff,
          minmay_crypt_entry_simple_round, st_cross, v_misc_14,
          nicolae_vaults_mini_display_case, vaults_dpeg_ring, v_pattern_3,
          nicolae_vaults_prndl, v_misc_29, layout_vaults_omnicross, uniq_donald,
          uniq_bai_suzhen
Vaults:4: ontoclasm_vaults_ligature, nicolae_vaults_network_star,
          hangedman_vaults_nails, nicolae_vaults_diagonal_hallway_7,
          nicolae_vaults_windows_and_doors_thing, st_lines,
          nicolae_vaults_network_square, nicolae_vaults_yaktaur_gun_rack,
          v_misc_16, nicolae_vaults_tetromino_T_1, nicolae_vaults_sightless_eye,
          layout_vaults_ring
Vaults:5: serial_shops
Crypt:1:  layout_chaotic_city
Crypt:2:  layout_misc_corridors
Crypt:3:  church_of_pain_bobbens, layout_chaotic_city,
          tomb_entry_simple_bobbens, uniq_josephina
Depths:1: layout_basic, hangedman_decor_points, hangedman_abyss_entry_splay,
          pf_hell_entry_tar_spiral, rand_demon_pan_entry_1, grunt_ministairs_8,
          nicolae_specific_store, nicolae_shop_vocational, firewood_loft
Depths:2: minmay_four_inscribed_fans, layout_twisted_cross, enter_ziggurat_b,
          pan_entry, hangedman_coc_ice_floe
Depths:3: nooodl_glass_maze, layout_basic,
          nicolae_abyss_entry_one_way_or_another, pf_hell_entry_great_geh,
          grunt_ministairs_7, patterned_corridor,
          minmay_staircase_windowed_small, uniq_mennas
Depths:4: grunt_zot_entry_tricorne, layout_gridlike, gammafunk_ghost_icy,
          grunt_pan_entry_spiral, nemelex_diamond_rough_becter, hell_entry,
          dreamdust_looks_like_rain
Zot:1:    layout_onion_interference, hellmonk_ghost_happy_afterlife
Zot:2:    hangedman_zot_vaults_quadrants, layout_onion
Zot:3:    gammafunk_sealed_arena, layout_concentric_octagons,
          hangedman_zot_decor_unnerving_road, st_single_dragon_hoard_4,
          st_stairs_8, regret_index_zotdec_onion_hex
Zot:4:    layout_gridlike, regret_index_zotdec_dark_gr, lemuel_elevator,
          grunt_megastairs_2
Zot:5:    layout_twisted_circle

Skill      XL: |  1  2  3  4  5  6  7  8  9 10 11 12 13 14 15 16 17 18 19 20 21 22 23 24 25 26 27 |
---------------+----------------------------------------------------------------------------------+-----
Fighting       | 1 2 3 4 5 6 7 8 9 10 11 12 13 14 15 16 17 18 19 25 | 25.8
Spellcasting   | 4 5 6 7 8 9 10 11 12 13 14 15 16 17 18 19 24 | 24.4
Conjurations   | 4 5 6 7 8 9 10 11 12 13 14 15 16 17 18 19 24 | 24.4
Hexes          | 4 5 6 7 8 9 10 11 12 13 14 15 16 17 18 19 24 | 24.4
Summonings     | 4 5 6 7 8 9 10 11 12 13 14 15 16 17 18 19 24 | 24.4
Necromancy     | 4 5 6 7 8 9 10 11 12 13 14 15 16 17 18 19 25 | 25.5
Translocations | 4 5 6 7 8 9 10 11 12 13 14 15 16 17 18 19 24 | 24.4
Fire Magic     | 4 5 6 7 8 9 10 11 12 13 14 15 16 17 18 20 27 | 27.0
Ice Magic      | 4 5 6 7 8 9 10 11 12 13 14 15 16 17 18 19 24 | 24.4
Air Magic      | 4 5 6 7 8 9 10 11 12 13 14 15 16 17 18 19 24 | 24.4
Earth Magic    | 4 5 6 7 8 9 10 11 12 13 14 15 16 17 18 19 24 | 24.4
Alchemy        | 4 5 6 7 8 9 10 11 12 13 14 15 16 17 18 19 24 | 24.4
Invocations    | 2 3 4 6 7 8 9 10 11 13 14 15 16 17 18 | 18.0
Dodging        | 3 4 6 7 8 9 10 11 12 | 12.0
Axes           | 2 3 4 |  4.6
Armour         | 2 4 6 7 8 9 10 11 12 | 12.0
Staves         | 2 4 6 7 8 |  8.0
Shields        | 3 6 9 12 13 14 15 16 17 18 19 20 22 25 | 25.0
Polearms       | 4 |  4.0
Stealth        | |  1.5

Action                     |  1- 3 |  4- 6 |  7- 9 | 10-12 | 13-15 | 16-18 | 19-21 | 22-24 | 25-27 || total
---------------------------+-------+-------+-------+-------+-------+-------+-------+-------+-------++-------
  Melee: Whip              |       |     3 |       |       |       |       |       |       |       ||     3
         War axe           |       |       |       |     3 |       |       |       |       |       ||     3
         Staff             |       |       |       |       |     9 |     3 |     1 |       |       ||    13
         Punch             |       |       |       |       |     1 |       |       |       |       ||     1
   Cast: Shock             |    85 |   152 |     2 |       |       |       |       |       |       ||   239
         Static Discharge  |       |     1 |     3 |     3 |     1 |       |     1 |       |       ||     9
         Airstrike         |       |       |   129 |   318 |   630 |   393 |   579 |   540 |   453 ||  3042
         Cause Fear        |       |       |     1 |     1 |       |       |       |       |     2 ||     4
         Summon Forest     |       |       |       |     3 |    31 |    22 |    33 |    49 |    28 ||   166
         Simulacrum        |       |       |       |       |    19 |   182 |   232 |   212 |   171 ||   816
         Monstrous Menager |       |       |       |       |       |     3 |    20 |    40 |    31 ||    94
         Death Channel     |       |       |       |       |       |       |    24 |    34 |    33 ||    91
         Blink             |       |       |       |       |       |       |     1 |       |       ||     1
         Silence           |       |       |       |       |       |       |     1 |       |       ||     1
         Summon Hydra      |       |       |       |       |       |       |    31 |   167 |   156 ||   354
         Orb of Destructio |       |       |       |       |       |       |       |    42 |   330 ||   372
         Swiftness         |       |       |       |       |       |       |       |     1 |       ||     1
         Discord           |       |       |       |       |       |       |       |       |    35 ||    35
         Shatter           |       |       |       |       |       |       |       |       |   492 ||   492
 Invoke: Lesser Servant of |       |       |       |     1 |     2 |    17 |     8 |       |       ||    28
         Greater Servant o |       |       |       |       |     1 |     4 |    11 |     1 |     4 ||    21
         Major Destruction |       |       |       |       |       |     1 |       |       |     1 ||     2
         Minor Destruction |       |       |       |       |       |     1 |       |       |       ||     1
  Evoke: Wand              |       |       |       |       |       |       |       |     8 |     1 ||     9
    Use: Scroll            |       |       |     6 |    16 |     4 |     5 |     3 |     3 |    13 ||    50
         Potion            |       |       |       |     2 |       |     1 |       |       |    16 ||    19
   Stab: Sleeping          |       |       |       |       |       |     1 |       |       |       ||     1
 Armour: Robe              |    17 |    18 |     7 |       |       |       |       |       |       ||    42
         Steam dragon scal |       |       |    26 |     7 |       |       |       |       |       ||    33
         Troll leather arm |       |       |       |    39 |    95 |    70 |   120 |   126 |   195 ||   645
  Dodge: Dodged            |    10 |     6 |    23 |    18 |   122 |    66 |    89 |    77 |   114 ||   525
  Block: Buckler           |       |       |       |       |       |    24 |    51 |       |       ||    75
         Kite shield       |       |       |       |       |       |       |    15 |   127 |       ||   142
         Reflection        |       |       |       |       |       |       |     1 |    20 |       ||    21
         Tower shield      |       |       |       |       |       |       |       |    19 |   312 ||   331

Table legend: (Time is in decaauts)
 A = Elapsed time spent in this place.
 B = Non-inter-level travel time spent in this place.
 C = Inter-level travel time spent in this place.
 D = Time resting spent in this place.
 E = Time spent auto-exploring this place.
 F = Levels seen in this place.
 G = Mean time per level.
                   A        B        C        D        E       F      G
               +--------+--------+--------+--------+--------+-----+--------+
         Total |  73277 |  60360 |  12917 |  10199 |  31198 |  71 | 1032.1 |
       Dungeon |  25213 |  17874 |   7339 |   3302 |  10356 |  15 | 1680.9 |
        Temple |     20 |      2 |     18 |      0 |      0 |   1 |   20.0 |
          Lair |   7197 |   6039 |   1158 |    791 |   3528 |   5 | 1439.4 |
         Swamp |   2864 |   2628 |    236 |     89 |   1654 |   4 |  716.0 |
     Snake Pit |   3862 |   3248 |    614 |    339 |   1427 |   4 |  965.5 |
    Slime Pits |    200 |    184 |     16 |     42 |    107 |   1 |  200.0 |
  Orcish Mines |   1231 |   1016 |    215 |     91 |    571 |   2 |  615.5 |
   Elven Halls |   3460 |   3210 |    250 |    324 |   1476 |   3 | 1153.3 |
        Vaults |   7878 |   6566 |   1312 |    306 |   3946 |   5 | 1575.6 |
         Crypt |   3387 |   3187 |    200 |    959 |   1738 |   3 | 1129.0 |
        Depths |   6529 |   5443 |   1086 |    552 |   2587 |   4 | 1632.2 |
           Zot |   8509 |   8042 |    467 |   2704 |   3695 |   5 | 1701.8 |
      Ziggurat |   1556 |   1556 |      0 |    594 |     31 |  15 |  103.7 |
        Bazaar |    158 |    158 |      0 |      0 |      0 |   1 |  158.0 |
       Volcano |    413 |    413 |      0 |     11 |      8 |   1 |  413.0 |
        Wizlab |    447 |    447 |      0 |     95 |     63 |   1 |  447.0 |
      Gauntlet |    344 |    344 |      0 |      0 |     11 |   1 |  344.0 |
               +--------+--------+--------+--------+--------+-----+--------+

Top non-repeatable levels by time:
     D:8: 3832 daAuts
   Zot:5: 2894 daAuts
     D:7: 2423 daAuts
    D:13: 2405 daAuts
     D:6: 2121 daAuts
Depths:4: 2100 daAuts
     D:9: 2055 daAuts
   Zot:2: 1972 daAuts
Vaults:3: 1899 daAuts
Vaults:1: 1854 daAuts
Depths:2: 1801 daAuts
  Lair:3: 1790 daAuts
 Snake:4: 1644 daAuts
Vaults:2: 1630 daAuts
    D:11: 1628 daAuts
